 Dungeon Crawl Stone Soup version 0.27.1-3-gb3d3a73c9e (webtiles) character file.

Game seed: 80881901768745839

2 Urokeeper the Sneak (level 1, 0/10 HPs)
             Began as a Spriggan Brigand on Oct 21, 2021.
             Slain by a quokka (3 damage)
             ... on level 1 of the Dungeon.
             The game lasted 00:00:36 (123 turns).

Urokeeper the Sneak (Spriggan Brigand)               Turns: 123, Time: 00:00:37

Health: 0/10       AC:  3    Str:  7    XL:     1   Next: 33%
Magic:  2/2        EV: 16    Int: 12    God:
Gold:   0          SH:  0    Dex: 16    Spells: 0/0 levels left

rFire    . . .     SeeInvis +   a - +2 dagger
rCold    . . .     Faith    .   (shield restricted)
rNeg     . . .     Spirit   .   b - +0 robe
rPois    .         Reflect  .   (helmet restricted)
rElec    .         Harm     .   c - +0 cloak
rCorr    .         Rampage  .   (gloves unavailable)
Will     .....                  (boots unavailable)
Stlth    +++.......             (no amulet)
HPRegen  0.03/turn              (no ring)
MPRegen  0.08/turn              (no ring)

@: very quick
A: very small, no large weapons, unfitting armour, see invisible, speed 3
a: no special abilities


You were on level 1 of the Dungeon.
You visited 1 branch of the dungeon, and saw 1 of its levels.

Inventory:

Hand Weapons
 a - a +2 dagger (weapon)
Missiles
 d - 5 poisoned darts (quivered)
 e - 2 curare-tipped darts
Armour
 b - a +0 robe (worn)
 c - a +0 cloak (worn)
Potions
 f - a potion of curing {unknown}


   Skills:
 + Level 1.6 Fighting
 + Level 2.2 Short Blades
 + Level 2.0 Throwing
 + Level 1.5 Dodging
 + Level 5.9 Stealth


You couldn't memorise any spells.
You didn't know any spells.
Your spell library was empty.

Dungeon Overview and Level Annotations

Branches:
Dungeon (1/15)

Altars:


Innate Abilities, Weirdness & Mutations

You are very small and have problems with some larger weapons.
You are too small for most types of armour.
You have supernaturally acute eyesight. (SInv)
You cover ground extremely quickly. (Speed+++)


Message History

The quokka bites you. The frilled lizard barely misses you.
You hit the quokka.
The quokka is moderately wounded.
The quokka bites you but does no damage.
The frilled lizard bites you.
You hit the quokka but do no damage.
The quokka is moderately wounded.
The quokka bites you.
* * * LOW HITPOINT WARNING * * *
You hit the quokka.
The quokka is heavily wounded.
The frilled lizard barely misses you.
The quokka bites you but does no damage.
Found a stone staircase leading down.
You see here a +0 leather armour.
Throw: 8 darts (poison)
Press: ? - help, Q - select action, (/) - cycle Shift-Dir - straight line, f - quokka
Aim: a quokka (heavily wounded, 50% to hit)
You throw a poisoned dart. The poisoned dart hits the quokka.
The quokka is heavily wounded.
Throw: 7 darts (poison)
Press: ? - help, Q - select action, (/) - cycle Shift-Dir - straight line, f/p - quokka
Aim: a quokka (heavily wounded, 50% to hit)
You throw a poisoned dart.
The poisoned dart closely misses the quokka.
The poisoned dart hits the frilled lizard.
The frilled lizard is poisoned.
Throw: 6 darts (poison)
Press: ? - help, Q - select action, (/) - cycle Shift-Dir - straight line, f/p - quokka
Aim: a quokka (heavily wounded, 50% to hit)
You throw a poisoned dart. The poisoned dart misses the quokka.
The poisoned dart closely misses the frilled lizard.
You kill the frilled lizard!
You barely miss the quokka.
The quokka is heavily wounded.
The quokka barely misses you.
You closely miss the quokka.
The quokka is heavily wounded.
The quokka bites you.
You die...

#.........# +..
#.##...##.#.#..# #..
#..#...#<.#.#..####.#+#
####...####......##.#.##.
####.##.## #>............
#.##.##.#####.#..#.##.#.##.
#...................)......
#.##.##..........#.##.#.###
#.##.##...@r..(..(.........
#.##.#.....................
#.#........................
#.#..#.##.###.#..####.#....
#.#..#.##.# #.#..# #.+....
#.#..#.##.# #.#..# #.#....
#.#..#†##.# #.#..# #.#....
###.#..#.##.###.#..####......
#............[.....##........


You could see a quokka.

Vanquished Creatures
  A kobold (D:1)
  A ball python (D:1)
  A frilled lizard (D:1)
3 creatures vanquished.

Notes
Turn   | Place    | Note
-------+----------+-------------------------------------------
     0 | D:1      | Urokeeper the Spriggan Brigand began the quest for the Orb.
     0 | D:1      | Reached XP level 1. HP: 10/10 MP: 2/2
   123 | D:1      | Slain by a quokka

Illustrated notes

Levels and vault maps discovered:
D:1:      onia_arrival_mini_spirals, layout_basic,
          chequers_ecumenical_altar_simple, supply_closet_lemuel

Action                   || total
-------------------------++-------
Melee: Dagger            ||    12
Throw: Dart              ||     3
 Stab: Sleeping          ||     1
Armor: Robe              ||     4
Dodge: Dodged            ||     8
